Unix NetHack Version 3.7.0-88 Work-in-progress - last build Aug 21 2023 04:08:40 (b68ccb3e4f8f5dcb83e1e40b1ff56e7dffd4cd28,branch:master). Game began 2023-09-02 10:46:08, ended 2023-09-02 11:09:04. MargeBouvier, chaotic male human Wizard --- &)- -.. ... MargeBouvier the Thaumaturge St:12 Dx:14 Co:15 In:18 Wi:12 Ch:8 Chaotic Dlvl:4 $:354 HP:0(53) Pw:47(66) AC:7 Exp:7 T:4979 TermIll Satiated Burdened Latest messages: You continue digging downward. You are hit by a dagger. You stop digging. What do you want to use or apply? [cflmuBDEK or ?*] In what direction do you want to dig? [>] You continue digging downward. You stop digging. In what direction? The spell hits the dwarf! You kill the dwarf! You begin bashing monsters with your pick-axe. You hit the gnome. You kill the gnome! What do you want to use or apply? [cflmuBDEK or ?*] In what direction do you want to dig? [>] You continue digging downward. You dig a hole through the floor. You fall through... One of the adjacent objects falls through the hole. You see here a corroded dagger. The little dog bites! The little dog bites! The little dog bites! The little dog bites! What do you want to throw? [$aoCEJMSV or ?*] In what direction? What do you want to throw? [$aoCEJMSV or ?*] In what direction? The little dog devours an uncursed pancake. You swap places with your little dog. You see here a corroded dagger. What do you want to use or apply? [cflmuBDEK or ?*] In what direction do you want to dig? [ykulb>] You start digging downward. Juiblex appears next to you! You stop digging. Juiblex engulfs you! You feel deathly sick. What do you want to wear? [yP or ?*] Which ring-finger, Right or Left? [rl] Z - an uncursed ring of regeneration (on right hand). What do you want to zap? [cuBK or ?*] Nothing happens. You feel much worse. You die... Do you want your possessions identified? [ynq] (y) Do you want to see your attributes? [ynq] (y) Do you want an account of creatures vanquished? [ynaq] (y) Do you want to see your conduct and achievements? [ynq] (y) Do you want to see the dungeon overview? [ynq] (y) Inventory: Coins $ - 354 gold pieces Amulets H - a cursed amulet of change Weapons o - 10 blessed +1 crossbow bolts S - 7 +0 crossbow bolts J - 10 +0 darts V - a blessed +1 elven dagger M - a very rusty +0 orcish dagger C - a cursed +0 orcish dagger a - a blessed +1 quarterstaff named 2415 (alternate weapon; not wielded) E - a cursed +0 bec de corbin Armor z - a blessed +1 orcish helm (being worn) L - an uncursed +0 orcish helm y - an uncursed +0 pair of iron shoes P - an uncursed +0 pair of iron shoes b - an uncursed +0 cloak of magic resistance (being worn) Q - a cursed +0 dwarvish cloak Comestibles v - 2 uncursed food rations U - an uncursed lembas wafer s - 2 uncursed oranges Scrolls k - an uncursed scroll of destroy armor t - an uncursed scroll of enchant weapon i - an uncursed scroll of identify Y - a blessed scroll of light T - an uncursed scroll of light X - an uncursed scroll of magic mapping A - a blessed scroll of punishment N - an uncursed scroll of remove curse j - an uncursed scroll of stinking cloud F - an uncursed scroll of teleportation Spellbooks m - an uncursed spellbook of detect food D - an uncursed spellbook of detect food l - a blessed spellbook of force bolt Potions r - an uncursed potion of gain ability x - an uncursed potion of gain energy R - an uncursed potion of sickness n - an uncursed potion of sleeping h - 3 uncursed potions of water Rings I - a cursed -2 ring of gain strength d - an uncursed ring of poison resistance Z - an uncursed ring of regeneration (on right hand) Wands u - a blessed wand of cold (0:4) B - a wand of lightning (0:0) c - a wand of locking (0:6) K - a wand of make invisible (0:6) Tools f - a +0 pick-axe (weapon in hand) Gems/Stones p - an uncursed fluorite stone g - an uncursed jasper stone q - 2 uncursed worthless pieces of blue glass w - an uncursed worthless piece of white glass MargeBouvier the Wizard's attributes: Background: You were a Thaumaturge, a level 7 male human Wizard. You were chaotic, on a mission for Anhur who was opposed by Ptah (lawful) and Thoth (neutral). You were in the Gnomish Mines, on level 4. You entered the dungeon 4979 turns ago. There was a full moon in effect when your adventure ended. You had 798 experience points, 482 more were needed to attain level 8. Basics: You had 0 out of 53 hit points. You had 47 out of 66 energy points (spell power). Your armor class was 7. Your wallet contained 354 zorkmids. Autopickup was off. Final Characteristics: Your strength was 12 (limit:18/100). Your dexterity was 14 (limit:18). Your constitution was 15 (limit:18). Your intelligence was 18 (limit:18). Your wisdom was 12 (limit:18). Your charisma was 8 (limit:18). Final Status: You were terminally sick from illness. You were engulfed by Juiblex. You were satiated. You were burdened; movement was slightly slowed. You were wielding a pick-axe. You had no skill with pick-axe. Final Attributes: You were piously aligned. You were magic-protected. You were poison resistant. You were telepathic. You regenerated. You were warded. You were lucky. You are dead. Miscellaneous: You encountered 1 bones level. Total elapsed playing time was 22 minutes and 55 seconds. Major events: Turn 1: MargeBouvier the chaotic male human Wizard entered the dungeon 643: attained the rank of Conjurer (level 3) 3473: attained the rank of Thaumaturge (level 6) 4771: entered the Gnomish Mines 4979: killed by Juiblex Vanquished creatures: a quivering blob 2 soldier ants a wood nymph a water nymph 3 Mordor orcs 7 Uruk-hai an orc shaman a fog cloud 2 gnome leaders 2 gnomish wizards a gray ooze 3 giant ants 2 floating eyes a kitten 4 dwarves 2 homunculi a rothe a centipede a giant bat 3 dwarf zombies a werejackal 2 iguanas 2 acid blobs a gas spore a hobbit 2 hobgoblins 2 cave spiders a yellow mold 3 red molds 6 gnomes 3 gnome zombies 4 geckos 8 jackals 5 foxes a kobold 2 goblins 2 sewer rats 4 grid bugs 2 lichens 2 kobold zombies 5 newts 99 creatures vanquished. No species were genocided or became extinct. Voluntary challenges: You read items or engraved 11 times. You engraved Elbereth 3 times. You never genocided any monsters. You never polymorphed an object. You never changed form. You used no wishes. Achievements: You attained the rank of Conjurer. You attained the rank of Thaumaturge. You entered the Gnomish Mines. The Dungeons of Doom: levels 1 to 9 Level 1: A fountain. Level 2: Some altars, a fountain. Stairs down to The Gnomish Mines. Level 3: A fountain. Level 4: An altar to Anhur, some fountains. Level 5: A fountain. Level 6: Some fountains, a grave. Level 7: A fountain, a sink, a grave. Level 8: A fountain. Level 9: The Gnomish Mines: levels 3 to 4 Level 3: Level 4: <- You were here. Final resting place for you, killed by Juiblex, killer-Bar-Hum-Fem-Cha, killed by a little dog, while frozen by a potion. Game over: ---------- / \ / REST \ / IN \ / PEACE \ / \ | MargeBouvier | | 354 Au | | killed by | | Juiblex | | | | | | 2023 | *| * * * | * _________)/\\_//(\/(/\)/\//\/|_)_______ Goodbye MargeBouvier the Wizard... You died in The Gnomish Mines on dungeon level 4 with 3921 points, and 354 pieces of gold, after 4979 moves. You were level 7 with a maximum of 53 hit points when you died.